 Dungeon Crawl Stone Soup version 0.17.0 (webtiles) character file.

232 Eucla the Ducker (level 5, 0/46 HPs)
             Began as a Minotaur Gladiator on Nov 10, 2015.
             Slain by an orc wizard
             ... wielding a +1 vampiric dagger
              (3 damage)
             ... on level 4 of the Dungeon.
             The game lasted 00:01:42 (1954 turns).

Eucla the Ducker (Minotaur Gladiator)               Turns: 1954, Time: 00:01:42

Health: 0/46       AC:  5    Str: 20    XL:     5   Next: 73%
Magic:  4/4        EV: 12    Int:  5    God:
Gold:   127        SH:  0    Dex: 11    Spells: 0 memorised, 4 levels left

rFire  . . .     SeeInvis .     a - +0 war axe
rCold  . . .     Clarity  .     f - +0 ring mail
rNeg   . . .     SustAt   .     (no shield)
rPois  .         Gourm    .     c - +0 hat
rElec  .         Spirit   .     (no cloak)
rCorr  .         Warding  .     (no gloves)
rMut   .         Stasis   .     (no boots)
MR     .....                    (no amulet)
Stlth  +.........               (no ring)
                                (no ring)

@: not resistant to hostile enchantments, very unstealthy
A: retaliatory headbutt, horns 2
a: no special abilities


You were on level 4 of the Dungeon.
You were not hungry.

You visited 1 branch of the dungeon, and saw 4 of its levels.

You collected 127 gold pieces.

Inventory:

Hand Weapons
 a - a +0 war axe (weapon)
Missiles
 d - 3 throwing nets (quivered)
Armour
 b - a +0 leather armour
 c - a +0 hat (worn)
 f - a +0 ring mail (worn)
Jewellery
 m - an uncursed ring of ice {unknown}
Scrolls
 g - a scroll of noise {unknown}
 i - 4 scrolls of identify {unknown}
 k - 4 scrolls of remove curse {unknown}
 l - 3 scrolls of enchant armour {unknown}
 n - a scroll of fear {unknown}
 q - 3 scrolls of teleportation {unknown}
 t - a scroll of enchant weapon {unknown}
 w - a scroll of magic mapping {unknown}
Potions
 h - a potion of heal wounds {unknown}
 p - a potion of invisibility {unknown}
 r - a potion of magic {unknown}
 s - 2 potions of brilliance {unknown}
 u - a potion of might {unknown}
 x - a potion of lignification {unknown}
Comestibles
 e - 4 bread rations
 j - 2 meat rations
 v - 3 fruits


   Skills:
 + Level 4.1 Fighting
 + Level 4.6 Axes
 - Level 2.0 Throwing
 + Level 3.4 Armour
 + Level 4.7 Dodging


You had 4 spell levels left.
You didn't know any spells.

Dungeon Overview and Level Annotations

Branches:
Dungeon (4/15)
 Temple: D:4-7

Altars:
Dithmenos
The Shining One


Innate Abilities, Weirdness & Mutations

You reflexively headbutt those who attack you in melee.
You have a pair of horns on your head.


Message History

You hit the orc.
The orc is severely wounded.
You closely miss something. You hit the orc.
The orc is heavily wounded.
Something hits you but does no damage. The orc completely misses you.
The orc hits you with a flail!
* * * LOW HITPOINT WARNING * * *
You are too injured to fight recklessly!
Unknown command.
You are too injured to fight recklessly!
You miss something. You headbutt something. You barely miss the orc.
The orc is severely wounded.
You closely miss the orc.
The orc is heavily wounded.
Something hits you.
* * * LOW HITPOINT WARNING * * *
The orc closely misses you. The orc hits you with a flail.
* * * LOW HITPOINT WARNING * * *
Something hits you.
You die...

# #.####
#..#....#
......o@#
...#..o{#
.....%.oo
.......o..
...........
..#.###....#
.... #....#
.# ......


You could see an orc wizard and 4 orcs.

Vanquished Creatures
  An ogre (D:4)
  Natasha (twice) (D:3)
  6 adders
  An ooze (D:1)
  A giant gecko (D:1)
  3 orcs
  5 bats
  4 giant cockroaches
  5 hobgoblins
  A quokka (D:3)
  3 giant newts
  5 goblins
  A jackal (D:1)
  6 kobolds
  8 rats
52 creatures vanquished.

Notes
Turn   | Place    | Note
--------------------------------------------------------------
     0 | D:1      | Eucla the Minotaur Gladiator began the quest for the Orb.
     0 | D:1      | Reached XP level 1. HP: 18/18 MP: 0/0
    66 | D:1      | Reached XP level 2. HP: 22/25 MP: 1/1
    70 | D:1      | Reached skill level 1 in Armour
   773 | D:2      | Found a shadowy altar of Dithmenos.
   792 | D:2      | Reached XP level 3. HP: 31/31 MP: 2/2
  1117 | D:2      | Reached skill level 4 in Dodging
  1227 | D:2      | Found a glowing golden altar of the Shining One.
  1310 | D:3      | Noticed Natasha
  1312 | D:3      | Killed Natasha
  1312 | D:3      | Reached XP level 4. HP: 24/38 MP: 3/3
  1698 | D:3      | Noticed Natasha
  1703 | D:3      | Killed Natasha
  1744 | D:3      | Reached XP level 5. HP: 26/46 MP: 4/4
  1939 | D:4      | Noticed an ogre
  1951 | D:4      | Killed an ogre
  1954 | D:4      | Slain by an orc wizard

Action                   |  1- 3 |  4- 6 || total
-------------------------+-------+-------++-------
Melee: War axe           |    63 |    30 ||    93
  Use: Potion            |       |     2 ||     2
 Stab: Sleeping          |     1 |       ||     1
  Eat: Chunk             |     1 |     2 ||     3
